 Dungeon Crawl Stone Soup version 0.18-a0-125-g4c9da24 (webtiles) character file.

3369 Proton the Skirmisher (level 10, -23/79 HPs)
             Began as a Formicid Gladiator on Nov 21, 2015.
             Was a Believer of Qazlal.
             Killed by the air
             ... invoked by Gastronok
              (39 damage)
             ... on level 11 of the Dungeon.
             The game lasted 00:15:58 (9239 turns).

Proton the Skirmisher (Formicid Gladiator)          Turns: 9239, Time: 00:15:58

Health: -23/79     AC: 14    Str: 23    XL:     10   Next: 23%
Magic:  13/13      EV:  5    Int:  8    God:    Qazlal [**....]
Gold:   331        SH:  3    Dex: 11    Spells: 0 memorised, 9 levels left

rFire  . . .     SeeInvis +     a - +0 quarterstaff
rCold  . . .     Clarity  +     r - +1 chain mail {MR+}
rNeg   . . .     SustAt   +     (no shield)
rPois  .         Gourm    .     (helmet unavailable)
rElec  .         Spirit   .     f - +1 cloak
rCorr  .         Warding  .     o - +0 pair of gloves
rMut   .         Stasis   +     (no boots)
MR     ++...                    q - amulet of clarity
Stlth  ..........               (no ring)
                                p - ring of sustain attributes

@: very resistant to hostile enchantments, extremely unstealthy
A: permanent stasis, dig shafts and tunnels, four strong arms, antennae 3,
blurry vision 1, slow regeneration 1
a: Dig, Shaft Self, Upheaval, Renounce Religion


You were on level 11 of the Dungeon.
You worshipped Qazlal.
Qazlal was pleased with you.
You were very full.

You visited 1 branch of the dungeon, and saw 10 of its levels.

You collected 331 gold pieces.

Inventory:

Hand Weapons
 a - a +0 quarterstaff (weapon)
Missiles
 c - 3 throwing nets (quivered)
Armour
 f - a +1 cloak (worn)
 o - a +0 pair of gloves (worn)
 r - a +1 chain mail of magic resistance (worn)
Jewellery
 h - an uncursed amulet of guardian spirit {unknown}
 p - a ring of sustain attributes (left hand)
 q - an amulet of clarity (around neck)
 y - an uncursed amulet of resist mutation
Scrolls
 g - a scroll of noise {unknown}
 l - 4 scrolls of remove curse
 t - a scroll of fear
 u - 3 scrolls of magic mapping
 v - a scroll of fog
 w - a scroll of immolation {unknown}
 x - 2 scrolls of enchant weapon {unknown}
Potions
 b - a potion of degeneration
 e - 2 potions of curing
 i - 2 potions of flight {unknown}
 j - 5 potions of brilliance {unknown}
 k - a potion of might
 m - a potion of invisibility
 s - a potion of cancellation
Books
 n - a Young Poisoner's Handbook

   Spells                             Type                      Level
   a - Sting                          Conjuration/Poison           1
   b - Cure Poison                    Poison                       2
   c - Mephitic Cloud                 Conjuration/Poison/Air       3
   d - Olgreb's Toxic Radiance        Poison                       4
   e - Venom Bolt                     Conjuration/Poison           5
Comestibles
 d - 3 bread rations


   Skills:
 + Level 7.1 Fighting
 + Level 6.8 Staves
 + Level 5.0 Throwing
 + Level 6.1 Armour
 + Level 6.1 Dodging
 + Level 4.0 Invocations


You had 9 spell levels left.
You didn't know any spells.

Dungeon Overview and Level Annotations

Branches:
Dungeon (11/15)            Temple (0/1) D:4
   Lair: D:8-11         Orc: D:9-12

Altars:
Ashenzari
Cheibriados
Elyvilon
Fedhas
Kikubaaqudgha
Makhleb
Nemelex Xobeh
Qazlal
Sif Muna
Vehumet
Yredelemnul
Zin

Shops:
D:4 =

Annotations:
D:11 Gastronok


Innate Abilities, Weirdness & Mutations

You are under a permanent stasis effect.
You can dig through walls and to a lower floor.
Your four strong arms can wield two-handed weapons with a shield.
You have a pair of large antennae on your head (SInv).
Scrolls take you a little longer to read.
You regenerate slowly when monsters are visible.


Message History

The shadow imp hits you but does no damage.
You see here a water moccasin corpse.
You are no longer corroded.
Are you sure you want to shaft yourself?
You feel quite a bit less full. The jelly hits you but does no damage.
You begin to dig a shaft.
You continue digging a shaft.
The jelly hits you but does no damage. A shaft appears beneath you!
You fall through a shaft for 3 floors!
The shaft crumbles and collapses.
Gastronok the Ponderous comes into view.
Gastronok gurgles horribly!
Found a scroll of magic mapping, a potion of curing and a ring mail.
Found a stone staircase leading up.
Gastronok casts a spell.
You feel sluggish.
There is a stone staircase leading up here.
Gastronok waves his eye-stalks in wide circles.
The air twists around and strikes you!
You die...

#############
............#
........§...#
.......@...!#
........§...#
........?...#
......§.....#
............+
............#
...........w#
............#
............#


You could see Gastronok.

Vanquished Creatures
  2 hippogriffs
  The ghost of Vergil the Twirler, an amateur HEGl (D:4)
  Edmund (D:5)
  2 water moccasins
  An orc warrior (D:7)
  A phantom (D:4)
  An ogre (D:6)
  A sky beast (D:8)
  A necrophage (D:6)
  A centaur (D:5)
  3 giant frogs
  4 killer bees (D:8)
  2 scorpions
  3 wights (D:8)
  6 jellies
  A crimson imp (D:6)
  14 orc wizards
  3 orc priests
  An iguana (D:5)
  7 hounds
  A giant frog skeleton (D:4)
  8 worker ants
  2 hound zombies
  A hound skeleton (D:5)
  10 adders
  2 shadow imps
  2 oozes
  An adder skeleton (D:7)
  6 worms
  25 orcs
  5 bats
  10 giant cockroaches
  7 goblins
  3 hobgoblins
  5 jackals
  3 kobolds
  3 ball pythons
  2 giant geckos
  A giant gecko skeleton (D:7)
  11 giant newts
  A goblin skeleton (D:6)
  A goblin zombie (D:6)
  A jackal zombie (D:4)
  A kobold zombie (D:4)
  5 quokkas
  A quokka skeleton (D:4)
  16 rats
  A plant (D:6)
191 creatures vanquished.

Vanquished Creatures (others)
  A human (D:6)
  2 ogres (D:6)
  A wight (D:6)
  A quokka (D:6)
  A giant gecko (D:6)
6 creatures vanquished.

Grand Total: 197 creatures vanquished

Notes
Turn   | Place    | Note
--------------------------------------------------------------
     0 | D:1      | Proton the Formicid Gladiator began the quest for the Orb.
     0 | D:1      | Reached XP level 1. HP: 16/16 MP: 1/1
   319 | D:1      | Reached XP level 2. HP: 20/23 MP: 2/2
   710 | D:2      | Reached XP level 3. HP: 28/28 MP: 3/3
   946 | D:2      | HP: 1/28 [worm (7)]
  1336 | D:2      | Reached skill level 1 in Armour
  1395 | D:2      | Found a deep blue altar of Sif Muna.
  1704 | D:2      | Found a shattered altar of Ashenzari.
  1727 | D:2      | Reached XP level 4. HP: 29/34 MP: 4/4
  1946 | D:3      | Found a blossoming altar of Fedhas.
  2129 | D:3      | Found a stormy altar of Qazlal.
  2138 | D:3      | Became a worshipper of Qazlal Stormbringer
  2168 | D:3      | Found a faded altar to an unknown god.
  2218 | D:3      | Reached XP level 5. HP: 12/41 MP: 5/5
  2608 | D:2      | Reached skill level 4 in Staves
  2608 | D:2      | Reached XP level 6. HP: 24/47 MP: 6/6
  3122 | D:4      | Found a staircase to the Ecumenical Temple.
  3171 | D:4      | Found a basalt altar of Yredelemnul.
  3406 | D:4      | Reached XP level 7. HP: 27/53 MP: 7/7
  3674 | D:4      | Gained mutation: Scrolls take you a little longer to read. [potion of mutation]
  3674 | D:4      | Gained mutation: You regenerate slowly when monsters are visible. [potion of mutation]
  3736 | D:4      | Found Resuethro's Jewellery Shop.
  3998 | D:4      | Found a white marble altar of Elyvilon.
  4126 | D:4      | Found a glowing silver altar of Zin.
  4126 | D:4      | Found a snail-covered altar of Cheibriados.
  4142 | D:4      | Noticed Vergil's ghost (amateur HEGl)
  4165 | D:5      | Entered Level 5 of the Dungeon
  4755 | D:5      | Reached * piety under Qazlal
  4778 | D:5      | Reached skill level 5 in Staves
  4778 | D:5      | Reached XP level 8. HP: 41/61 MP: 8/8
  4923 | D:5      | Found a radiant altar of Vehumet.
  5062 | D:5      | Noticed Edmund
  5091 | D:5      | Killed Edmund
  5091 | D:5      | Reached skill level 5 in Fighting
  5853 | D:4      | Killed Vergil's ghost
  5853 | D:4      | Reached skill level 5 in Dodging
  5853 | D:4      | Reached XP level 9. HP: 42/68 MP: 9/9
  6247 | D:6      | Reached skill level 5 in Armour
  6255 | D:6      | Reached ** piety under Qazlal
  6255 | D:6      | Reached skill level 6 in Staves
  6265 | D:6      | Reached skill level 1 in Invocations
  6559 | D:6      | Found an ancient bone altar of Kikubaaqudgha.
  6732 | D:6      | Found a runed door.
  6733 | D:6      | Found a basalt altar of Yredelemnul.
  7797 | D:7      | Found a sparkling altar of Nemelex Xobeh.
  7817 | D:7      | HP: 3/71 [orc/dagger (2)]
  7820 | D:7      | HP: 1/71 [orc (1)]
  7821 | D:7      | You fall through a shaft for 2 floors!
  8278 | D:8      | Reached XP level 10. HP: 39/77 MP: 12/12
  8282 | D:7      | Found a burning altar of Makhleb.
  9019 | D:8      | Reached skill level 5 in Throwing
  9037 | D:8      | Reached skill level 7 in Fighting
  9235 | D:8      | You fall through a shaft for 3 floors!
  9235 | D:11     | Noticed Gastronok
  9239 | D:11     | Killed from afar by Gastronok

Vault maps used:
D:1:      mrwooster_arrival_statue_2, st_stairs_4
D:2:      ashenzari_conservatory_becter, old_standard_altar, first_bread
D:3:      grunt_temple_overflow_forces_of_nature, ecumenical_altar_1,
          serial_bayou_ford_a
D:4:      kennysheep_ying_yang, gammafunk_temple_overflow_wave, serial_shops,
          shop, enter_ossuary_3
D:5:      vehumet_altar_wand_db, roderic_filled_cross,
          hangedman_abyss_or_decor_passed, uniq_edmund
D:6:      kiku_gazebo_garden_becter, dk_yredelemnul_ordeal
D:7:      nemelex_xobeh_ov_fountains_minmay, makhleb_heckhound_becter
D:9:      lightli_temple_of_fire, kennysheep_mini_moat,
          due_lair_maze_entry_diamond, basic_altar
D:11:     serial_shops, kennysheep_little_box, uniq_gastronok

Action                   |  1- 3 |  4- 6 |  7- 9 | 10-12 || total
-------------------------+-------+-------+-------+-------++-------
Melee: Quarterstaff      |   139 |   220 |   577 |   100 ||  1036
Invok: Upheaval          |       |       |     1 |     1 ||     2
 Abil: Shaft Self        |       |       |     1 |     1 ||     2
  Use: Scroll            |       |       |    13 |       ||    13
       Potion            |       |       |     5 |       ||     5
  Eat: Bread ration      |     1 |     1 |       |     1 ||     3
       Fruit             |       |       |     5 |       ||     5
       Meat ration       |       |       |     2 |     1 ||     3
       Pizza             |       |       |     2 |       ||     2
